 Dungeon Crawl Stone Soup version 0.24.0-125-gc4c63601f3 (webtiles) character file.

Game seed: 15523827603148181095, levelgen mode: deterministic

272 Jerry the Cudgeler (level 6, -1/33 HPs)
             Began as a Vine Stalker Fighter on Feb 19, 2020.
             Splashed by a jelly's acid (4 damage)
             ... on level 3 of the Dungeon.
             The game lasted 00:20:50 (3507 turns).

Jerry the Cudgeler (Vine Stalker Fighter)           Turns: 3507, Time: 00:20:51

Health: -1/33      AC:  6    Str: 20    XL:     6   Next: 23%
Magic:  0/7        EV:  9    Int:  9    God:
Gold:   137        SH:  0    Dex: 13    Spells: 5/5 levels left

rFire    + . .     SeeInvis .   i - +0 whip
rCold    + . .     Gourm    .   (no shield)
rNeg     . . .     Faith    .   b - +0 scale mail
rPois    .         Spirit   +   (no helmet)
rElec    .         Reflect  .   g - scarf {rC+ rF+}
rCorr    .         Harm     .   (no gloves)
MR       .....                  (no boots)
Stlth    ..........             (no amulet)
HPRegen  0.51/turn              j - ring of flight
MPRegen  0.10/turn              (no ring)

@: no status effects
A: fangs 2, regeneration 1, magic shield, antimagic bite, no potion heal 3, rot
immunity
a: Evoke Flight


You were on level 3 of the Dungeon.
You were hungry.

You visited 1 branch of the dungeon, and saw 3 of its levels.

You collected 137 gold pieces.

Inventory:

Hand Weapons
 i - a +0 whip (weapon)
Armour
 b - a +0 scale mail (worn)
 c - a +0 shield
 g - a scarf of resistance (worn)
 n - a +0 chain mail
Jewellery
 j - a ring of flight (left hand)
 r - an uncursed ring of poison resistance {unknown}
Scrolls
 a - a scroll of amnesia {unknown}
 e - 4 scrolls of identify
 h - a scroll of immolation {unknown}
 l - a scroll of remove curse
 p - a scroll of enchant weapon {unknown}
Potions
 d - a potion of might
 k - 2 potions of degeneration {unknown}
 m - a potion of heal wounds {unknown}
 q - a potion of magic {unknown}
Comestibles
 f - 6 rations


   Skills:
 + Level 3.8 Fighting
 * Level 4.2 Maces & Flails
 + Level 3.4 Armour
 - Level 2.6 Shields


You had 5 spell levels left.
You didn't know any spells.
Your spell library was empty.

Dungeon Overview and Level Annotations

Branches:
Dungeon (3/15)

Altars:
Dithmenos
Nemelex Xobeh
Sif Muna
The Shining One


Innate Abilities, Weirdness & Mutations

You have extremely sharp teeth.
Your natural rate of healing is unusually fast.
When hurt, damage is shared between your health and your magic reserves.
Your bite disrupts and absorbs the magic of your enemies.
Potions cannot restore your health.
You are immune to rotting.


Message History

The orc wizard hits you but does no damage.
The orc hits you but does no damage. The orc wizard barely misses you.
You completely miss the orc wizard.
The orc wizard is severely wounded.
The orc closely misses you. The orc wizard barely misses you.
You hit the orc wizard but do no damage.
You bite the orc wizard.
The orc wizard's magic leaks into the air.
You drain its magic.
You feel invigorated.
The orc wizard is almost dead.
The orc wizard hits you with a +0 trident.
The orc zaps a wand.
You are blasted!
Ouch! That really hurt!
* * * LOW HITPOINT WARNING * * *
You hit the orc wizard.
You kill the orc wizard!
You are feeling hungry.
The orc hits you but does no damage.
You whack the jelly!
Your hands burn!
You die...

#..#.#.#...............#.#.......
##....###..............#...###.##
#......#...###...###.###..####.##
....###.#### #...# #.[.........##
###. ### #...# ######.####### #
#...# #........ #...# ########.
#...####### #. ###@......# #.
#oJ####.# #. #..# #. #... #.
...## ## .... # )#.. #. ...


You could see a jelly and an orc.

Vanquished Creatures
  An orc wizard (D:3)
  Natasha (thrice) (D:2)
  8 adders
  2 oozes
  2 worms
  2 dart slugs (D:1)
  A leopard gecko (D:3)
  9 orcs
  5 giant cockroaches
  9 goblins
  4 hobgoblins
  2 jackals (D:1)
  7 kobolds
  2 quokkas
  5 bats
  2 frilled lizards
  7 rats
  3 toadstools (D:1)
74 creatures vanquished.

Vanquished Creatures (others)
  A toadstool (D:1)
1 creature vanquished.

Grand Total: 75 creatures vanquished

Notes
Turn   | Place    | Note
-------+----------+-------------------------------------------
     0 | D:1      | Jerry the Vine Stalker Fighter began the quest for the Orb.
     0 | D:1      | Reached XP level 1. HP: 11/11 MP: 2/2
   183 | D:1      | Reached skill level 2 in Maces & Flails
   330 | D:1      | Reached XP level 2. HP: 16/16 MP: 3/3
   754 | D:1      | Reached XP level 3. HP: 14/20 MP: 4/4
  1846 | D:2      | Found a shadowy altar of Dithmenos.
  1931 | D:2      | Found a sparkling altar of Nemelex Xobeh.
  2007 | D:2      | Reached skill level 3 in Maces & Flails
  2007 | D:2      | Gained mutation: Your natural rate of healing is unusually
                  | fast. [Vine Stalker growth]
  2007 | D:2      | Reached XP level 4. HP: 17/24 MP: 3/5
  2098 | D:2      | Noticed Natasha
  2115 | D:2      | Killed Natasha
  2191 | D:2      | Noticed Natasha
  2200 | D:2      | Killed Natasha
  2222 | D:2      | Reached XP level 5. HP: 20/28 MP: 3/6
  2371 | D:2      | Noticed Natasha
  2378 | D:2      | Killed Natasha
  2574 | D:3      | Found a shimmering blue altar of Sif Muna.
  2620 | D:3      | Found a glowing golden altar of the Shining One.
  3127 | D:3      | Reached skill level 4 in Maces & Flails
  3152 | D:3      | Reached XP level 6. HP: 7/33 MP: 3/7
  3507 | D:3      | Splashed by a jelly's acid

Levels and vault maps discovered:
D:1:      ldierk_water_garden, layout_loops_ring
D:2:      layout_basic, grunt_dithmenos_smoke_and_mirrors, nemelex_altar_shiori,
          uniq_natasha
D:3:      minmay_chambers_of_threes, layout_loops_cross, led_sif_book,
          lemuel_doored_altar, minmay_misc_feat_enclosed

Skill      XL: |  1  2  3  4  5 |
---------------+----------------+-----
Maces & Flails | 2 3 4 |  4.2
Fighting       | 3 |  3.8
Armour         | 3 |  3.4
Shields        | |  2.6

Action                   |  1- 3 |  4- 6 || total
-------------------------+-------+-------++-------
Melee: Flail             |    28 |       ||    28
       Bite              |    28 |    49 ||    77
       Whip              |    83 |   194 ||   277
  Use: Scroll            |     4 |       ||     4
       Potion            |       |     1 ||     1
  Eat: Chunk             |     3 |     5 ||     8
Armor: Scale mail        |    52 |    74 ||   126
Dodge: Dodged            |    42 |    78 ||   120
